 Dungeon Crawl Stone Soup version 0.21-a0-442-g848f44b (webtiles) character file.

14179 alkexr the Brawler (level 11, -6/109 HPs)
             Began as a Troll Monk on Nov 12, 2017.
             Was an Elder of Ru.
             Mangled by a death yak (28 damage)
             ... on level 2 of the Lair of Beasts.
             The game lasted 00:32:45 (8862 turns).

alkexr the Brawler (Troll Monk)                     Turns: 8862, Time: 00:32:46

Health: -6/109     AC:  5    Str: 25    XL:     11   Next: 85%
Magic:  5/10       EV: 12    Int:  6    God:    Ru [****..]
Gold:   502        SH:  0    Dex: 13    Spells: 10/10 levels left

rFire    . . .     SeeInvis .     - Unarmed
rCold    . . .     Gourm    +   (no shield)
rNeg     . . .     Faith    .   a - +0 robe
rPois    .         Spirit   .   (helmet restricted)
rElec    .         Reflect  .   (no cloak)
rCorr    .         Harm     .   (gloves unavailable)
MR       .....                  (boots unavailable)
Stlth    ..........             c - amulet of regeneration
HPRegen  1.08/turn              g - +4 ring of slaying
MPRegen  0.12/turn              G - +2 ring of strength

@: exhausted, about to teleport
A: unfitting armour, claws 3, fast metabolism 3, gourmand, regeneration 1,
shaggy fur 1, tough skin 2, no stealth, inability to use devices, missing an eye
a: Draw Out Power, Power Leap, Renounce Religion


You were on level 2 of the Lair of Beasts.
You worshipped Ru.
Ru was greatly pleased with you.
You were not hungry.

You visited 2 branches of the dungeon, and saw 12 of its levels.

You collected 724 gold pieces.
You spent 222 gold pieces at shops.

Inventory:

Hand Weapons
 p - a +0 giant spiked club
Missiles
 k - 4 large rocks (quivered)
 s - 3 throwing nets
 E - 12 tomahawks
Armour
 a - a +0 robe (worn)
Jewellery
 c - an amulet of regeneration (around neck)
 g - a +4 ring of slaying (left claw)
 q - the ring "Luunas" {Fire MP+9 SInv}
   (You found it on level 5 of the Dungeon)

   [ring of fire]

   It enhances your fire magic.
   It protects you from fire.
   It makes you vulnerable to cold.
   It affects your magic capacity (+9).
   It lets you see invisible.
 y - a +2 ring of strength
 G - a +2 ring of strength (right claw)
 L - the ring of Darkness {Int+3 Stlth-, unknown}
   (You found it on level 2 of the Lair of Beasts)

   [ring of loudness]

   It affects your intelligence (+3).
   It makes you less stealthy.
Scrolls
 d - a scroll of fog {unknown}
 e - 3 scrolls of identify
 h - 9 scrolls of teleportation
 i - 5 scrolls of immolation
 r - 2 scrolls of amnesia
 t - a scroll of remove curse {unknown}
 A - 2 scrolls of noise {unknown}
 C - a scroll of magic mapping {unknown}
 H - a scroll of enchant armour {unknown}
 K - a scroll of fear {unknown}
 M - 2 scrolls of recharging {unknown}
 P - a scroll of acquirement {unknown}
Potions
 f - 2 potions of heal wounds
 l - 5 potions of curing
 n - a potion of might {unknown}
 o - a potion of lignification {unknown}
 u - 2 potions of brilliance {unknown}
 v - a potion of mutation {unknown}
 w - 2 potions of haste
 x - a potion of ambrosia {unknown}
 D - a potion of flight {unknown}
 F - 2 potions of invisibility
Books
 z - a book of Changes

   Spells                             Type                      Level
   a - Beastly Appendage              Transmutation                1
   b - Sticks to Snakes               Transmutation                2
   c - Spider Form                    Transmutation/Poison         3
   d - Ice Form                       Ice/Transmutation            4
   e - Blade Hands                    Transmutation                5
 B - a book of Flames

   Spells                             Type                      Level
   a - Flame Tongue                   Conjuration/Fire             1
   b - Throw Flame                    Conjuration/Fire             2
   c - Conjure Flame                  Conjuration/Fire             3
   d - Inner Flame                    Hexes/Fire                   3
   e - Sticky Flame                   Conjuration/Fire             4
   f - Fireball                       Conjuration/Fire             5
 I - a book of Maledictions

   Spells                             Type                      Level
   a - Corona                         Hexes                        1
   b - Ensorcelled Hibernation        Hexes/Ice                    2
   c - Confuse                        Hexes                        3
   d - Tukima's Dance                 Hexes                        3
   e - Dazzling Spray                 Conjuration/Hexes            3
 J - a Fen Folio

   Spells                             Type                      Level
   a - Corpse Rot                     Necromancy                   2
   b - Stone Arrow                    Conjuration/Earth            3
   c - Leda's Liquefaction            Hexes/Earth                  4
   d - Summon Forest                  Summoning/Translocation      5
   e - Hydra Form                     Transmutation                6
   f - Summon Hydra                   Summoning                    7
 N - a book of Party Tricks

   Spells                             Type                      Level
   a - Summon Butterflies             Summoning                    1
   b - Apportation                    Translocation                1
   c - Lesser Beckoning               Translocation                3
   d - Tukima's Dance                 Hexes                        3
   e - Alistair's Intoxication        Transmutation/Poison         5
   f - Invisibility                   Hexes                        6
 Q - a book of Power

   Spells                             Type                      Level
   a - Iskenderun's Battlesphere      Conjuration/Charms           5
   b - Venom Bolt                     Conjuration/Poison           5
   c - Bolt of Magma                  Conjuration/Fire/Earth       5
   d - Iron Shot                      Conjuration/Earth            6
   e - Orb of Destruction             Conjuration                  7
   f - Spellforged Servitor           Conjuration/Summoning        7
Comestibles
 b - 10 bread rations
 j - 4 royal jellies
 m - 4 fruits
 R - 4 meat rations


   Skills:
 + Level 7.3 Fighting
 + Level 5.1 Throwing
 + Level 5.4 Dodging
 * Level 15.0 Unarmed Combat


You had 10 spell levels left.
You didn't know any spells.

Dungeon Overview and Level Annotations

Branches:
Dungeon (10/15)            Temple (0/1) D:7            Lair (2/6) D:8
  Swamp: Lair:2-4    Shoals: Lair:2-4     Snake: Lair:2-4    Spider: Lair:2-4
    Orc: D:9-12

Altars:
Fedhas
Gozag
Qazlal
Ru
Uskayaw
The Shining One

Shops:
D:4 [   D:6 *([=!

Annotations:
D:6 1 runed door


Innate Abilities, Weirdness & Mutations

You are too large for most types of armour.
You have claws for hands.
Your metabolism is lightning-fast.
You like to eat raw meat.
Your natural rate of healing is unusually fast.
You are covered in fur. (AC +1)
You have very tough skin. (AC +2)
You cannot be stealthy.
You cannot study or use magical devices.
You are missing an eye, making it more difficult to aim.


Message History

The basilisk is moderately wounded.
The death yak gores you!!
A spiny frog comes into view.
Okay, then.
Aiming: Power Leap
Press: ? - help, Dir - move target cursor You hear a roar!
You hear a bellow! x2
The basilisk bites you!! The death yak gores you!!
The death yak closely misses you. The basilisk bites you!
* * * LOW HITPOINT WARNING * * *
As you read the scroll of teleportation, it crumbles to dust.
You feel strangely unstable. The basilisk gazes at you.
You resist with some effort.
You redirect the death yak's attack!
The death yak gores the basilisk!
The basilisk dies!
The death yak gores you!!
You die...

...#... ..##..## ..... .#
..P#...# .... ..###.#
P.....# ... #.......
......# #####..#.....D..
......####.##..#.#.......
.........................
..............[..........
..P.............@.F>.....
#.##...........Y.Y.......
..##.....##...##Y..######
..#......###.###...#
..#P....#.##'# #...#
..##......'..##....#
..##......P..P#.%...
..##.....##.###....PD
.#.#....##### #......P


You could see 3 death yaks, a seven-headed hydra, a four-headed hydra and a
spiny frog.

Vanquished Creatures
  A two-headed ogre (D:8)
  Erica (D:8)
  The ghost of asdu the Zephyrmancer, a novice TeAE of Vehumet (D:8)
  A black mamba (Lair:2)
  4 spiny frogs
  A komodo dragon (Lair:2)
  A merfolk (D:9)
  Prince Ribbit (D:5)
  5 hippogriffs
  Sigmund (D:2)
  17 yaks
  The ghost of Gorice the Insei, an amateur DsWn (D:4)
  Menkaure (D:5)
  Edmund (D:5)
  5 porcupines
  2 water moccasins
  2 black bears
  4 sky beasts
  2 orc warriors
  2 ice beasts
  A phantom (D:7)
  9 ogres
  A crocodile (Lair:1)
  3 centaurs
  A big kobold (D:8)
  4 bullfrogs
  8 scorpions
  18 wights
  11 killer bees (D:7)
  2 howler monkeys
  4 crimson imps
  3 jellies
  A bullfrog zombie (D:8)
  A centaur zombie (D:7)
  2 orc priests (D:5)
  4 hounds
  A quasit (D:7)
  Ijyb (D:4)
  5 orc wizards
  3 bullfrog skeletons
  An iguana (D:5)
  Terence (D:2)
  10 worker ants
  A hound zombie (D:5)
  A howler monkey zombie (D:5)
  A worker ant zombie (D:9)
  Robin (D:2)
  3 adders
  3 gnolls (D:9)
  3 shadow imps
  An ooze (D:3)
  A worm (D:2)
  A dart slug (D:1)
  2 leopard geckos
  18 orcs
  5 bats
  14 giant cockroaches
  9 hobgoblins
  11 jackals
  2 quokkas
  3 ball pythons
  5 frilled lizards
  14 goblins
  A jackal skeleton (D:8)
  10 kobolds
  A quokka skeleton (D:8)
  5 rats
  2 butterflies (D:6)
  A fungus (D:8)
268 creatures vanquished.

Vanquished Creatures (others)
  A black mamba (Lair:2)
  A basilisk (Lair:2)
  3 fungi (D:8)
5 creatures vanquished.

Grand Total: 273 creatures vanquished

Notes
Turn   | Place    | Note
-------+----------+-------------------------------------------
     0 | D:1      | alkexr the Troll Monk began the quest for the Orb.
     0 | D:1      | Reached XP level 1. HP: 22/22 MP: 0/0
   187 | D:1      | Reached XP level 2. HP: 29/29 MP: 1/1
   317 | D:1      | Reached skill level 4 in Unarmed Combat
   695 | D:1      | Reached XP level 3. HP: 35/36 MP: 2/2
   967 | D:2      | Noticed Terence
   974 | D:2      | Killed Terence
  1007 | D:2      | Reached XP level 4. HP: 42/44 MP: 3/3
  1068 | D:2      | Reached skill level 5 in Unarmed Combat
  1172 | D:2      | Noticed Sigmund
  1183 | D:2      | Killed Sigmund
  1183 | D:2      | Reached skill level 6 in Unarmed Combat
  1183 | D:2      | Reached XP level 5. HP: 50/50 MP: 4/4
  1416 | D:2      | Noticed Robin
  1446 | D:2      | Killed Robin
  1446 | D:2      | Reached XP level 6. HP: 59/59 MP: 5/5
  1642 | D:3      | Reached skill level 7 in Unarmed Combat
  1965 | D:4      | You fall through a shaft for 3 floors!
  2011 | D:7      | Found a glowing golden altar of the Shining One.
  2079 | D:6      | Found a stormy altar of Qazlal.
  2082 | D:5      | Entered Level 5 of the Dungeon
  2101 | D:5      | Got a heavily runed amber ring
  2102 | D:5      | Identified the ring "Luunas" {Fire MP+9 SInv} (You found it on level 5 of the Dungeon)
  2185 | D:4      | Reached skill level 8 in Unarmed Combat
  2186 | D:4      | Noticed a hippogriff
  2350 | D:4      | Noticed Gorice's ghost (amateur DsWn)
  2449 | D:4      | Killed Gorice's ghost
  2449 | D:4      | Reached XP level 7. HP: 62/66 MP: 6/6
  2456 | D:4      | Killed a hippogriff
  2456 | D:4      | Reached skill level 9 in Unarmed Combat
  2481 | D:4      | Found a hide-covered altar of Uskayaw.
  2658 | D:4      | Found Muxaliwu's Armour Shop.
  2860 | D:4      | Noticed Ijyb
  2881 | D:4      | Killed Ijyb
  2977 | D:5      | Reached XP level 8. HP: 74/74 MP: 7/7
  3002 | D:5      | Noticed Prince Ribbit
  3030 | D:5      | Killed Prince Ribbit
  3030 | D:5      | Reached skill level 10 in Unarmed Combat
  3091 | D:5      | Noticed Menkaure
  3112 | D:5      | Killed Menkaure
  3112 | D:5      | Reached skill level 11 in Unarmed Combat
  3487 | D:5      | Reached XP level 9. HP: 80/80 MP: 8/8
  3787 | D:5      | Found a sacrificial altar of Ru.
  3788 | D:5      | Found a blossoming altar of Fedhas.
  3794 | D:5      | Became a worshipper of Ru the Awakened
  3809 | D:5      | Gained mutation: You are missing an eye, making it more difficult to aim. [Ru sacrifice]
  3815 | D:5      | Noticed Edmund
  3825 | D:5      | Killed Edmund
  3825 | D:5      | Reached skill level 12 in Unarmed Combat
  3977 | D:6      | Found Yhyny's General Store.
  3982 | D:6      | Bought 2 scrolls of teleportation for 66 gold pieces
  4037 | D:6      | Found Bisynledi's Antique Armour Emporium.
  4125 | D:6      | Found Zicok's Distillery.
  4132 | D:6      | Bought a potion of degeneration for 13 gold pieces
  4132 | D:6      | Bought a potion of invisibility for 104 gold pieces
  4132 | D:6      | Bought a potion of curing for 39 gold pieces
  4151 | D:6      | Found Peotsasch's Jewellery Shop.
  4212 | D:6      | Found Eceaxidgh's Antique Weapon Emporium.
  4340 | D:6      | Found a runed door.
  4353 | D:6      | Found a runed door.
  4937 | D:7      | Reached skill level 13 in Unarmed Combat
  4939 | D:7      | Reached skill level 5 in Fighting
  4953 | D:7      | Found a staircase to the Ecumenical Temple.
  5119 | D:7      | Reached XP level 10. HP: 91/96 MP: 9/9
  5464 | D:8      | Gained mutation: You cannot be stealthy. [Ru sacrifice]
  5464 | D:8      | Reached * piety under Ru
  5515 | D:8      | Noticed Erica
  5527 | D:8      | Killed Erica
  5527 | D:8      | Reached skill level 1 in Throwing
  5614 | D:8      | Noticed a two-headed ogre
  5619 | D:8      | Killed a two-headed ogre
  5719 | D:8      | Noticed a two-headed ogre
  5906 | D:8      | Found a stormy altar of Qazlal.
  6104 | D:8      | Reached skill level 14 in Unarmed Combat
  6247 | D:8      | Found a staircase to the Lair.
  6340 | D:8      | Noticed asdu's ghost (novice TeAE)
  6348 | D:8      | Killed asdu's ghost
  6450 | D:9      | Found an opulent altar of Gozag.
  6522 | D:9      | Reached XP level 11. HP: 97/106 MP: 10/10
  7357 | D:9      | Found a stormy altar of Qazlal.
  7616 | D:10     | Entered Level 10 of the Dungeon
  7624 | D:10     | Gained mutation: You cannot study or use magical devices. [Ru sacrifice]
  7624 | D:10     | Reached ** piety under Ru
  7624 | D:10     | Reached *** piety under Ru
  7624 | D:10     | Reached **** piety under Ru
  7748 | Lair:1   | Entered Level 1 of the Lair of Beasts
  7969 | Lair:1   | Reached skill level 5 in Dodging
  8673 | Lair:2   | Reached skill level 5 in Throwing
  8673 | Lair:2   | Reached skill level 15 in Unarmed Combat
  8741 | Lair:2   | Got a pitted steel ring
  8856 | Lair:2   | Noticed a death yak
  8857 | Lair:2   | Noticed a death yak
  8858 | Lair:2   | Noticed a death yak
  8862 | Lair:2   | Mangled by a death yak

Vault maps used:
D:1:      dpeg_arrival_solitude, kennysheep_small_spiral
D:2:      uniq_robin, uniq_terence, uniq_sigmund
D:4:      nicolae_overflow_crystal_walls, serial_shops,
          nicolae_shop_behind_doors, first_bread, uniq_ijyb
D:5:      gammafunk_temple_overflow_pools, nrook_mini_vaults, minivault_24,
          uniq_prince_ribbit1, uniq_edmund, uniq_menkaure
D:6:      lemuel_insect_pit, serial_shops, kennysheep_little_box, shop, shop,
          nicolae_shop_trees, shop, basic_altar
D:7:      nicolae_tso_carved_into_rock, minmay_temple_entry_hall
D:8:      grunt_lair_entry_orc_guard_hut, nicolae_qazlal_eye_of_the_storm,
          uniq_erica
D:9:      marbit_many_paths, nicolae_gozag_seed_capital, hangedman_fish_farm
D:10:     lightli_church_of_beogh

Skill      XL: |  1  2  3  4  5  6  7  8  9 10 11 |
---------------+----------------------------------+-----
Unarmed Combat | 4 6 8 9 11 13 14 15 | 15.0
Fighting       | 5 6 7 |  7.3
Stealth        | 0 |  0.0
Throwing       | 3 5 |  5.1
Dodging        | 4 5 |  5.4

Action                   |  1- 3 |  4- 6 |  7- 9 | 10-12 || total
-------------------------+-------+-------+-------+-------++-------
Melee: Unarmed           |    81 |    97 |   252 |   346 ||   776
       Punch             |     2 |     3 |     7 |    22 ||    34
Throw: Large rock        |       |       |       |     2 ||     2
Invok: Sacrifice an Eye  |       |       |     1 |       ||     1
       Sacrifice Stealth |       |       |       |     1 ||     1
       Power Leap        |       |       |       |     1 ||     1
       Sacrifice Artific |       |       |       |     1 ||     1
  Use: Potion            |       |     4 |     4 |     1 ||     9
       Scroll            |       |     6 |       |     1 ||     7
 Stab: Sleeping          |     5 |     1 |       |     1 ||     7
  Eat: Chunk             |    11 |    12 |    26 |    39 ||    88
Armor: Robe              |    20 |    30 |    74 |    34 ||   158
Dodge: Dodged            |    51 |    45 |   119 |   139 ||   354

Table legend:
 A = Spawn XP
 B = Non-spawn XP
 C = Spawn XP percentage of total XP
 D = Spawn monster count
 E = Non-spawn monster count
 F = Spawn count percentage of total count
 G = Total turns spent on level
                    A         B        C        D         E        F      G
               +---------+---------+-------+---------+---------+-------+---------
         Total |       0 |   20257 |   0.0 |       0 |     267 |   0.0 |  8862
               +---------+---------+-------+---------+---------+-------+---------
           D:1 |       0 |      46 |   0.0 |       0 |      25 |   0.0 |   967
           D:2 |       0 |     343 |   0.0 |       0 |      29 |   0.0 |   529
           D:3 |       0 |      53 |   0.0 |       0 |      11 |   0.0 |   467
           D:4 |       0 |     697 |   0.0 |       0 |       8 |   0.0 |   817
           D:5 |       0 |    1718 |   0.0 |       0 |      24 |   0.0 |  1049
           D:6 |       0 |     777 |   0.0 |       0 |      29 |   0.0 |   622
           D:7 |       0 |    2031 |   0.0 |       0 |      38 |   0.0 |  1013
           D:8 |       0 |    5699 |   0.0 |       0 |      36 |   0.0 |  1200
           D:9 |       0 |    4417 |   0.0 |       0 |      49 |   0.0 |  1171
          D:10 |       0 |     121 |   0.0 |       0 |       1 |   0.0 |    20
        Lair:1 |       0 |    1617 |   0.0 |       0 |       8 |   0.0 |   661
        Lair:2 |       0 |    2738 |   0.0 |       0 |       9 |   0.0 |   346
               +---------+---------+-------+---------+---------+-------+---------
